 Dungeon Crawl Stone Soup version 0.25-a0-246-g58704a1ebd (webtiles) character file.

Game seed: 14527734281470723106, levelgen mode: deterministic

35959 Jindul the Severer (level 13, -1/118 HPs)
             Began as a Minotaur Abyssal Knight on Dec 3, 2019.
             Was the Champion of Lugonu.
             Slain by a hell beast (12 damage)
             ... in a Gauntlet.
             The game lasted 01:21:12 (19053 turns).

Jindul the Severer (Minotaur Abyssal Knight)       Turns: 19053, Time: 01:21:12

Health: -1/118     AC: 23    Str: 24    XL:     13   Next: 50%
Magic:  28/28      EV:  9    Int:  9    God:    Lugonu [******]
Gold:   473        SH:  0    Dex: 11    Spells: 12/12 levels left

rFire    . . .     SeeInvis +   y - +3 executioner's axe of the Common Good {freeze, rElec rPois rN++ Dex-4 SInv}
rCold    . . .     Gourm    .   (shield currently unavailable)
rNeg     + + .     Faith    .   j - +3 chain mail "Jyemah" {Str+3 Dex+4}
rPois    +         Spirit   .   (helmet restricted)
rElec    +         Reflect  .   B - +2 cloak {+Inv}
rCorr    .         Harm     .   F - +2 pair of gloves
MR       .....     NoTele   +   s - +2 pair of boots
Stlth    ..........             L - amulet of magic regeneration
HPRegen  0.29/turn              E - ring of magical power
MPRegen  0.46/turn              (no ring)

@: studying Throwing
A: retaliatory headbutt, horns 2
a: Depart the Abyss, Bend Space, Banish, Corrupt, Enter the Abyss, Brand Weapon
With Distortion, Renounce Religion, Evoke Invisibility


You were in a Gauntlet.
You worshipped Lugonu.
Lugonu was exalted by your worship.
You were not hungry.

You visited 4 branches of the dungeon, and saw 18 of its levels.
You visited the Abyss 1 time.
You also visited: Ossuary and Gauntlet.

You collected 1163 gold pieces.
You spent 690 gold pieces at shops.

Inventory:

Hand Weapons
 q - the +5 dagger of Peace {pierce, rElec rPois Str+3}
   (You found it on level 4 of the Dungeon)

   It inflicts extra damage upon your enemies.
   It affects your strength (+3).
   It insulates you from electricity.
   It protects you from poison.
 u - a +2 longbow of freezing
 y - the +3 executioner's axe of the Common Good (weapon) {freeze, rElec rPois rN++ Dex-4 SInv}
   (You bought it in a shop on level 8 of the Dungeon)

   It has been specially enchanted to freeze those struck by it, causing extra
   injury to most foes and up to half again as much damage against particularly
   susceptible opponents.
   It can also slow down cold-blooded creatures.
   It affects your dexterity (-4).
   It insulates you from electricity.
   It protects you from poison.
   It greatly protects you from negative energy.
   It lets you see invisible.
 H - a +2 triple crossbow of freezing
 N - a +0 scimitar of flaming
 Q - a +5 quarterstaff of freezing
Missiles
 l - 109 bolts
 C - 2 boomerangs of dispersal (quivered)
Armour
 j - the +3 chain mail "Jyemah" (worn) {Str+3 Dex+4}
   (You took it off an orc on level 5 of the Dungeon)

   It affects your strength (+3).
   It affects your dexterity (+4).
 p - a +3 scale mail of magic resistance
 s - a +2 pair of boots (worn)
 w - a +3 leather armour of fire resistance
 B - a +2 cloak of invisibility (worn)
 F - a +2 pair of gloves (worn)
Jewellery
 E - a ring of magical power (left hand)
 L - an amulet of magic regeneration (around neck)
Wands
 f - a wand of random effects (51)
 k - a wand of acid (3)
 r - a wand of iceblast (21)
 t - a wand of polymorph (2)
 K - a wand of flame (11)
 M - a wand of disintegration (29)
 O - a wand of enslavement (12)
Scrolls
 d - 7 scrolls of teleportation
 e - 6 scrolls of remove curse
 g - 2 scrolls of magic mapping
 i - 5 scrolls of identify
 o - a scroll of fog
Potions
 a - 2 potions of magic
 h - 3 potions of flight
 m - 2 potions of might
 v - a potion of berserk rage
 x - a potion of heal wounds
 z - a potion of ambrosia
 D - 3 potions of resistance
 T - a potion of haste
Books
 J - a manual of Throwing
Comestibles
 c - 22 rations


   Skills:
 - Level 12.0 Fighting
 * Level 17.1 Axes
 - Level 3.0 Staves
 + Level 11.1 Throwing
 - Level 6.5 Armour
 - Level 3.0 Dodging
 - Level 6.0 Unarmed Combat
 + Level 10.0 Invocations


You had 12 spell levels left.
You didn't know any spells.
Your spell library contained the following spells:

 Spells                   Type           Power        Failure   Level  Hunger
 Recall                   Summ/Tloc      N/A          100%        3    ####...
 Aura of Abjuration       Summ           #.........   100%        5    ######.
 Bolt of Magma            Conj/Fire/Erth #.........   100%        5    ######.
 Iskenderun's Battlesphe  Conj/Chrm      #.......     100%        5    ######.
 Summon Demon             Summ           #.........   100%        5    ######.
 Summon Forest            Summ/Tloc      #.........   100%        5    ######.
 Summon Mana Viper        Hex/Summ       #.......     100%        5    ######.
 Iron Shot                Conj/Erth      #.........   100%        6    #######
 Shadow Creatures         Summ           N/A          100%        6    #######
 Orb of Destruction       Conj           #.........   100%        7    #######
 Spellforged Servitor     Conj/Summ      #.........   100%        7    #######


Dungeon Overview and Level Annotations

Branches:
Dungeon (10/15)            Temple (1/1) D:7            Lair (5/6) D:10
  Swamp (0/4) Lair:2       Spider (0/4) Lair:2          Orc (2/2) D:10
    Elf (0/3) Orc:2       Ossuary (visited)         Gauntlet (1/1)
  Slime: Lair:5-6

Altars:
Ashenzari
Cheibriados
Dithmenos
Elyvilon
Fedhas
Gozag
Hepliaklqana
Kikubaaqudgha
Makhleb
Nemelex Xobeh
Okawaru
Qazlal
Ru
Sif Muna
Trog
Uskayaw
Vehumet
Wu Jian
Xom
Yredelemnul
Zin
The Shining One
Beogh

Shops:
D:8 (   Orc:1 }

Annotations:
D:6 4 runed translucent doors
D:9 1 runed translucent door, EpicUbivator's ghost, novice MiFi
Lair:2 exclusion: 3 oklob plants
Orc:2 Josephine Gauntlet 7 transporters, 21 runed translucent doors, exclusion: orange crystal statue


Innate Abilities, Weirdness & Mutations

You reflexively headbutt those who attack you in melee.
You have a pair of horns on your head.


Message History

The hell beast bites you but does no damage.
The hell beast barely misses you. The hell beast completely misses you.
You furiously retaliate!
You headbutt the hell beast! The hell beast closely misses you.
You see here a dented amethyst amulet.
You feel much better. The hell beast closely misses you.
The hell beast tramples you!
* * * LOW HITPOINT WARNING * * *
You stumble backwards!
The hell beast gurgles, "Scamper hence whilst life thou hast!"
The hell beast bites you!
* * * LOW HITPOINT WARNING * * *
The hell beast completely misses you.
Evoke which item? (* to show all) (? for menu, Esc to quit)
Aiming: Polymorph
Press: ? - help, Shift-Dir - straight line, f - hell beast
Aim: a hell beast (lightly wounded, chance to defeat MR: 46%)
The hell beast resists with some effort.
The hell beast bites you!
You die...

#####################
#§...................
##....................
8#..###########...####
##..#...#.#...#.8.#=..
#..#..#...#..#...#.## ##
#..#?##...##.#####)#.
≈8≈#..#).##.#..##...#.#.
...#..#@.#.©....#©.©#©..
#.8.#..#2.##.#..##...#..#
#...#..#.##...##.#####...
#.8.#..#..#...#..#...#.##
#...#..#...#.#...#...#..÷
#...#..###########...####
###.©.#§.............≈.....
......#∩............≈8≈....
#.©.#≈.............≈.....


You could see a hell beast.

Vanquished Creatures
  Harold (D:7)
  A hydra (Lair:1)
  2 centaur warriors (D:10)
  3 two-headed ogres
  Erica (D:9)
  Nergalle (Lair:3)
  A death drake (Gauntlet)
  A wizard (Gauntlet)
  Pikel (D:6)
  A deep elf mage (D:10)
  6 elephants (Lair:4)
  Joseph (D:9)
  4 black mambas
  The ghost of Gargoyl the Envoy of Void, a novice CeAK of Lugonu (D:5)
  3 spiny frogs
  A torpor snail (Lair:4)
  2 rime drakes
  2 komodo dragons (Lair:3)
  5 jumping spiders (Lair:2)
  A troll (D:9)
  Grinder (D:6)
  17 blink frogs
  A hornet (D:9)
  3 hippogriffs
  5 redbacks (Lair:2)
  Sigmund (D:2)
  2 wraiths
  32 yaks
  A spriggan (D:7)
  A wyvern (D:8)
  3 hungry ghosts
  Edmund (D:6)
  8 porcupines
  9 water moccasins
  3 ice beasts
  3 sky beasts
  6 orc warriors
  5 phantoms
  5 ogres
  10 wolves
  3 centaurs
  4 crocodiles
  10 bullfrogs
  An elf zombie (Ossuary)
  3 wyvern zombies
  2 scorpions
  11 killer bees
  2 troll zombies (D:10)
  5 wights
  3 howler monkeys
  4 crimson imps
  6 centaur zombies
  A human zombie (Ossuary)
  2 quasits
  Crazy Yiuf (D:2)
  6 hounds
  3 jellies
  5 bullfrog skeletons
  11 orc priests
  A centaur skeleton (D:10)
  Ijyb (D:5)
  Jessica (D:2)
  19 orc wizards
  4 iguanas
  7 worker ants
  6 ogre zombies (D:10)
  A hound skeleton (D:5)
  2 mummies (Ossuary)
  8 adders
  5 shadow imps
  4 adder zombies
  3 worms
  3 dart slugs
  8 leopard geckos
  38 orcs
  2 giant cockroaches
  7 goblins
  4 hobgoblins
  12 jackals
  8 kobolds
  5 quokkas
  A ball python skeleton (D:4)
  7 bats
  3 frilled lizards
  A goblin skeleton (D:10)
  3 goblin zombies
  2 hobgoblin skeletons (D:10)
  12 hobgoblin zombies
  3 jackal zombies (Ossuary)
  8 kobold zombies (Ossuary)
  2 orc skeletons (D:10)
  23 orc zombies
  7 rats
  A rat zombie (Ossuary)
  3 fungi
  3 plants
467 creatures vanquished.

Vanquished Creatures (others)
  5 fungi
  6 plants
11 creatures vanquished.

Grand Total: 478 creatures vanquished

Notes
Turn   | Place    | Note
-------+----------+-------------------------------------------
     0 | Abyss:1  | Jindul the Minotaur Abyssal Knight began the quest for the
                  | Orb.
     0 | Abyss:1  | Reached XP level 1. HP: 19/19 MP: 1/1
    28 | Abyss:1  | Noticed a large abomination
    38 | D:1      | Escaped the Abyss
   135 | D:1      | Reached XP level 2. HP: 24/27 MP: 2/2
   360 | D:1      | Reached skill level 3 in Axes
   726 | D:2      | Noticed a bullfrog
   740 | D:2      | Killed a bullfrog
   740 | D:2      | Reached skill level 1 in Unarmed Combat
   740 | D:2      | Reached XP level 3. HP: 18/33 MP: 3/3
   740 | D:2      | Reached XP level 4. HP: 21/40 MP: 4/4
   959 | D:2      | Noticed Sigmund
  1035 | D:3      | Reached ** piety under Lugonu
  1643 | D:3      | Found an iron altar of Okawaru.
  1904 | D:4      | Reached skill level 4 in Axes
  1904 | D:4      | Reached XP level 5. HP: 41/47 MP: 5/5
  2016 | D:4      | Got a brightly glowing dagger
  2099 | D:4      | Identified the +5 dagger of Peace {pierce, rElec rPois
                  | Str+3} (You found it on level 4 of the Dungeon)
  2219 | D:4      | Noticed an ogre
  2227 | D:4      | Killed an ogre
  2227 | D:4      | Reached XP level 6. HP: 49/53 MP: 7/7
  2353 | D:4      | Reached skill level 5 in Axes
  2471 | D:4      | Found an opulent altar of Gozag.
  2472 | D:4      | Found a sparkling altar of Nemelex Xobeh.
  2745 | D:4      | You fall into a shaft and drop 1 floor!
  2745 | D:5      | Entered Level 5 of the Dungeon
  2776 | D:5      | Reached skill level 5 in Fighting
  2814 | D:5      | Noticed Ijyb
  2831 | D:5      | Killed Ijyb
  2831 | D:5      | Reached XP level 7. HP: 55/61 MP: 8/8
  2947 | D:5      | Noticed Gargoyl's ghost (novice CeAK)
  2949 | D:5      | Found a runed translucent gate.
  2949 | D:5      | Found a runed translucent gate.
  2949 | D:5      | Found a runed translucent gate.
  2952 | D:5      | Identified the +3 chain mail "Jyemah" {Str+3 Dex+4}
  3085 | D:5      | Reached skill level 6 in Axes
  3527 | D:2      | Killed Sigmund
  3612 | D:2      | Reached *** piety under Lugonu
  4058 | D:2      | Noticed Jessica
  4060 | D:2      | Killed Jessica
  4060 | D:2      | Reached skill level 7 in Axes
  4248 | D:2      | Found a runed translucent door.
  4249 | D:2      | Noticed Crazy Yiuf
  4261 | D:2      | Paralysed by Crazy Yiuf for 6 turns
  4267 | D:2      | Killed Crazy Yiuf
  4924 | D:5      | Found a roughly hewn altar of Beogh.
  5127 | D:6      | Reached XP level 8. HP: 48/70 MP: 9/9
  5157 | D:6      | Noticed Edmund
  5169 | D:6      | Killed Edmund
  5227 | D:6      | Reached skill level 5 in Armour
  5232 | D:6      | Reached skill level 8 in Axes
  5312 | D:6      | Found a shimmering blue altar of Sif Muna.
  5312 | D:6      | Found a radiant altar of Vehumet.
  5317 | D:6      | Found a faded altar of an unknown god.
  5319 | D:6      | Found a faded altar of an unknown god.
  5321 | D:6      | Found a snail-covered altar of Cheibriados.
  5384 | D:6      | Found a sand-covered staircase.
  5398 | Ossuary  | Entered an ossuary
  5485 | Ossuary  | Reached **** piety under Lugonu
  5762 | D:6      | Noticed Pikel
  5773 | D:6      | Killed Pikel
  5786 | D:6      | Reached XP level 9. HP: 32/81 MP: 10/10
  6069 | D:6      | Reached skill level 9 in Axes
  6231 | D:6      | Noticed Grinder
  6243 | D:6      | Paralysed by Grinder for 7 turns
  6251 | D:6      | Killed Grinder
  6253 | D:6      | Found a large runed translucent door.
  6253 | D:6      | Found a large runed translucent door.
  6295 | D:6      | Reached ***** piety under Lugonu
  6465 | D:6      | Found a large runed translucent door.
  6465 | D:6      | Found a large runed translucent door.
  6514 | D:6      | Reached skill level 10 in Axes
  6605 | D:6      | Found a white marble altar of Elyvilon.
  6605 | D:6      | Found a shadowy altar of Dithmenos.
  6987 | D:5      | Killed Gargoyl's ghost
  6987 | D:5      | Reached skill level 5 in Invocations
  7218 | D:7      | Noticed Harold
  7247 | D:7      | Killed Harold
  7247 | D:7      | Reached skill level 11 in Axes
  7247 | D:7      | Reached XP level 10. HP: 35/91 MP: 11/13
  7729 | D:7      | Noticed a two-headed ogre
  7737 | D:7      | Killed a two-headed ogre
  7737 | D:7      | Reached skill level 12 in Axes
  7776 | D:7      | Found a glowing golden altar of the Shining One.
  7839 | D:7      | Found a staircase to the Ecumenical Temple.
  8017 | D:7      | Found a white marble altar of Elyvilon.
  8280 | D:7      | Reached skill level 1 in Throwing
  8314 | Temple   | Entered the Ecumenical Temple
  9155 | D:8      | Found an iron altar of Okawaru.
  9171 | D:8      | Found Pyiheuwk's Weapon Emporium.
  9959 | D:9      | Reached skill level 13 in Axes
 10048 | D:9      | Noticed Erica
 10054 | D:9      | Killed Erica
 10054 | D:9      | Reached skill level 10 in Fighting
 10054 | D:9      | Reached XP level 11. HP: 89/99 MP: 15/15
 10070 | D:9      | Found a runed translucent door.
 10073 | D:9      | Noticed EpicUbivator's ghost (novice MiFi)
 10091 | D:9      | Noticed a two-headed ogre
 10105 | D:9      | Killed a two-headed ogre
 10340 | D:9      | Reached skill level 5 in Throwing
 10615 | D:9      | Noticed Joseph
 10644 | D:9      | Killed Joseph
 11239 | D:9      | Reached skill level 1 in Staves
 11326 | D:9      | Noticed a lindwurm
 11326 | D:9      | Noticed a lindwurm
 11339 | D:9      | Noticed a lindwurm
 11378 | D:10     | Entered Level 10 of the Dungeon
 11378 | D:10     | Noticed a two-headed ogre
 11391 | D:9      | Killed a two-headed ogre
 11391 | D:9      | Reached skill level 14 in Axes
 11509 | D:9      | Noticed a lindwurm
 11685 | D:10     | Noticed a centaur warrior
 11694 | D:10     | Killed a centaur warrior
 11925 | D:10     | Noticed a centaur warrior
 11937 | D:10     | Killed a centaur warrior
 11950 | D:10     | Reached ****** piety under Lugonu
 11986 | D:10     | Found a staircase to the Lair.
 12030 | D:10     | Noticed a deep elf mage
 12075 | D:10     | Killed a deep elf mage
 12236 | D:10     | Found a staircase to the Orcish Mines.
 12747 | Orc:1    | Entered Level 1 of the Orcish Mines
 12759 | Orc:1    | Reached XP level 12. HP: 54/110 MP: 17/17
 13145 | Orc:1    | Found Loinush's Gadget Boutique.
 13274 | Orc:2    | Entered Level 2 of the Orcish Mines
 13427 | Orc:2    | Found a staircase to the Elven Halls.
 13431 | Orc:2    | Noticed Josephine
 13498 | Lair:1   | Entered Level 1 of the Lair of Beasts
 14060 | Lair:1   | Reached skill level 15 in Axes
 14426 | D:8      | Bought the +3 executioner's axe of the Common Good {freeze,
                  | rElec rPois rN++ Dex-4 SInv} for 690 gold pieces
 15274 | Lair:2   | Found a hole to the Spider Nest.
 15329 | Lair:2   | Reached skill level 5 in Unarmed Combat
 15423 | Lair:2   | You fall into a shaft and drop 2 floors!
 15949 | Lair:4   | Reached skill level 16 in Axes
 15965 | Lair:4   | Reached XP level 13. HP: 45/118 MP: 18/18
 16478 | Lair:3   | Reached skill level 10 in Throwing
 16500 | Lair:3   | Noticed Nergalle
 16517 | Lair:3   | Killed Nergalle
 17223 | Lair:2   | Found a staircase to the Swamp.
 18484 | Lair:5   | Found a gate leading to a gauntlet.
 18493 | Gauntlet | Entered a Gauntlet
 18493 | Gauntlet | Found a transporter.
 18493 | Gauntlet | Found a transporter.
 18494 | Gauntlet | Found a transporter.
 18494 | Gauntlet | Found a transporter.
 18497 | Gauntlet | Found a transporter.
 18497 | Gauntlet | Found a transporter.
 18509 | Gauntlet | Found a transporter.
 18511 | Gauntlet | Found a transporter.
 18513 | Gauntlet | Found a large runed translucent door.
 18514 | Gauntlet | Found a large runed translucent door.
 18515 | Gauntlet | Found a large runed translucent door.
 18515 | Gauntlet | Found a large runed translucent door.
 18515 | Gauntlet | Found a runed translucent door.
 18515 | Gauntlet | Found a runed translucent door.
 18516 | Gauntlet | Found a large runed translucent door.
 18516 | Gauntlet | Found a large runed translucent door.
 18516 | Gauntlet | Found a large runed translucent door.
 18516 | Gauntlet | Found a large runed translucent door.
 18517 | Gauntlet | Found a large runed translucent door.
 18517 | Gauntlet | Found a large runed translucent door.
 18518 | Gauntlet | Found a large runed translucent door.
 18518 | Gauntlet | Found a large runed translucent door.
 18519 | Gauntlet | Found a runed translucent gate.
 18519 | Gauntlet | Found a runed translucent gate.
 18519 | Gauntlet | Found a runed translucent gate.
 18521 | Gauntlet | Found a transporter.
 18532 | Gauntlet | Found a large runed translucent door.
 18533 | Gauntlet | Found a large runed translucent door.
 18542 | Gauntlet | Found a large runed translucent door.
 18542 | Gauntlet | Found a large runed translucent door.
 18627 | Gauntlet | Found a transporter.
 18629 | Gauntlet | Found a transporter.
 18642 | Gauntlet | Found a transporter.
 18690 | Gauntlet | Reached skill level 17 in Axes
 18732 | Gauntlet | Reached skill level 10 in Invocations
 19053 | Gauntlet | Slain by a hell beast

Levels and vault maps discovered:
D:1:      onia_arrival_mini_spirals, layout_loops_cross
D:2:      layout_basic, uniq_crazy_yiuf_cottage, uniq_jessica, uniq_sigmund
D:3:      minmay_skewed_foursquare, layout_loops_ring,
          nicolae_overflow_hidden_temple
D:4:      layout_loops_ring, grunt_temple_overflow_opulence, st_stairs_1
D:5:      layout_basic, biasface_ghost_orc_armoury, serial_rivers,
          chequers_serial_rivers_small_3, chequers_serial_rivers_large_b,
          chequers_serial_rivers_micro_e, chequers_serial_rivers_marsh,
          chequers_serial_rivers_small_3, chequers_serial_rivers_small_b,
          first_ration, grunt_ministairs_9, uniq_ijyb
D:6:      layout_cave_pools, chequers_temple_overflow_minitemple,
          gammafunk_temple_overflow_wave, nicolae_ossuary_entry_ruins,
          serial_bayou_pond_a, minmay_hollow_rounded_squares, uniq_grinder,
          uniq_pikel, uniq_edmund
D:7:      layout_rooms, tso_oasis_becter, minmay_temple_entry_large_hall,
          basic_altar, the_bakery, minmay_small_thing, uniq_harold
D:8:      layout_basic, serial_shops, nicolae_shop_crystal, okawaru_trees_2
D:9:      layout_basic, ebering_ghost_reflecting_pool, minmay_lindwurm_lava,
          uniq_erica, uniq_joseph
D:10:     cheibrodos_ideogram_h, layout_loops_corners, zombieorc2_lemuel
Temple:   oiseaux_autumnal_temple
Lair:1:   layout_chaotic_city, st_stairs_12
Lair:2:   layout_regular_city, swamp_mist, nicolae_spider_entry_tight_spaces,
          minmay_lair_oklob_chamber, infiniplex_staircase_pool_2
Lair:3:   layout_roguey, uniq_nergalle
Lair:4:   layout_regular_city
Lair:5:   layout_cave_pods, slime_altar_1, gauntlet_entry_generic, st_stairs_6,
          grunt_megastairs_4
Orc:1:    layout_caves, ebering_ghost_reflecting_pool, serial_shops, shop
Orc:2:    st_orc_mages, layout_diamond_mine, special_room, uniq_jorgrun,
          uniq_josephine
Gauntlet: gammafunk_gauntlet_hard_choice [gammafunk_gauntlet_arena_grid,
          nicolae_gauntlet_arena_blocks, nicolae_gauntlet_arena_grate_2,
          gammafunk_gauntlet_arena_teeth, gammafunk_gauntlet_arena_chambers,
          minmay_gauntlet_arena_make_your_own_arena, gauntlet_exit_spiral]

Skill      XL: |  1  2  3  4  5  6  7  8  9 10 11 12 13 |
---------------+----------------------------------------+-----
Invocations    | 2 3 5 7 8 9 10 | 10.0
Axes           | 3 4 5 7 8 11 13 14 16 17 | 17.1
Fighting       | 4 5 6 7 9 10 11 12 | 12.0
Armour         | 3 4 6 |  6.5
Unarmed Combat | 1 2 3 6 |  6.0
Dodging        | 2 3 |  3.0
Throwing       | 4 7 9 11 | 11.1
Staves         | 3 |  3.0

Action                   |  1- 3 |  4- 6 |  7- 9 | 10-12 | 13-15 || total
-------------------------+-------+-------+-------+-------+-------++-------
Melee: Hand axe          |    59 |    56 |    97 |    69 |       ||   281
       Headbutt          |     5 |    17 |    76 |   186 |    29 ||   313
       Dagger            |       |    47 |    99 |       |       ||   146
       Mace              |       |       |    21 |       |       ||    21
       Punch             |       |       |     2 |     5 |     1 ||     8
       Flail             |       |       |   132 |   124 |       ||   256
       Falchion          |       |       |    25 |    81 |       ||   106
       Quarterstaff      |       |       |       |   367 |       ||   367
       Executioner's axe |       |       |       |   124 |   137 ||   261
       Scimitar          |       |       |       |       |     6 ||     6
Throw: Boomerang         |       |       |       |       |     2 ||     2
Evoke: Wand              |       |     2 |     2 |    13 |     1 ||    18
  Use: Potion            |     1 |       |     3 |     2 |     4 ||    10
       Scroll            |       |     1 |    14 |    12 |     5 ||    32
 Stab: Confused          |       |       |       |     1 |       ||     1
  Eat: Chunk             |       |     6 |     8 |    25 |     9 ||    48
       Ration            |       |       |     2 |     2 |     1 ||     5
Armor: Chain mail        |    36 |    35 |    23 |   557 |   126 ||   777
       Leather armour    |     1 |       |   145 |       |       ||   146
       Plate armour      |       |    12 |       |       |       ||    12
Dodge: Dodged            |    29 |    47 |   216 |   356 |    88 ||   736
       Rpst.: Falchion   |       |       |     2 |    15 |       ||    17
       Scimitar          |       |       |       |       |     1 ||     1

Table legend:
 A = Non-vault XP
 B = Vault XP
 C = Vault XP percentage of total XP
 D = Non-vault monster count
 E = Vault monster count
 F = Vault count percentage of total count
                 A         B        C        D         E       F
            +---------+---------+-------+---------+---------+-------
      Total |   34700 |   16671 |  32.5 |     310 |     151 |  32.8
            +---------+---------+-------+---------+---------+-------
        D:1 |      31 |       0 |   0.0 |      17 |       0 |   0.0
        D:2 |     130 |     306 |  70.2 |      22 |       3 |  12.0
        D:3 |      37 |      10 |  21.3 |      12 |       4 |  25.0
        D:4 |     311 |      84 |  21.3 |      16 |       2 |  11.1
        D:5 |     498 |     537 |  51.9 |      13 |      10 |  43.5
        D:6 |     455 |    1829 |  80.1 |      17 |      14 |  45.2
        D:7 |    1321 |    2106 |  61.5 |      23 |       3 |  11.5
        D:8 |    1020 |       0 |   0.0 |      19 |       0 |   0.0
        D:9 |    5695 |    1361 |  19.3 |      40 |       2 |   4.8
       D:10 |    2163 |    3482 |  61.7 |      18 |      55 |  75.3
     Lair:1 |    4768 |     101 |   2.1 |      20 |       1 |   4.8
     Lair:2 |    2475 |    2682 |  52.0 |      13 |      10 |  43.5
     Lair:3 |    4577 |     777 |  14.5 |      20 |       1 |   4.8
     Lair:4 |   10296 |       0 |   0.0 |      38 |       0 |   0.0
      Orc:1 |     522 |       0 |   0.0 |       9 |       0 |   0.0
      Orc:2 |     401 |     217 |  35.1 |      13 |       1 |   7.1
    Ossuary |       0 |     316 | 100.0 |       0 |      39 | 100.0
   Gauntlet |       0 |    2863 | 100.0 |       0 |       6 | 100.0
            +---------+---------+-------+---------+---------+-------
